[Event "*** Titled Tuesday 3|2 Blitz"]
[Site "Chess.com"]
[Date "2015.08.04"]
[Round "1"]
[White "Keranke"]
[Black "Quinten94"]
[Result "1-0"]
[WhiteElo "2552"]
[BlackElo "2183"]
[TimeControl "180+2"]
[EndTime "11:38:16 PDT"]
[Termination "Keranke won by resignation"]

1. d4 Nf6 2. c4 c6 3. Nc3 d5 4.
Nf3 dxc4 5. e4 b5 6. e5 Nd5 7. a4 e6 8. axb5 Nxc3 9. bxc3 cxb5 10. Ng5 Be7 11. Nxf7 Kxf7 12. Qf3+ Kg8 13. Qxa8 Bd7 14. Rxa7 Bc6 15. Rb7 Nd7 16. Qxd8+ Bxd8 17. Ra7 Kf7 18. f3 Bb6 19. Ra1 Bd5 20. Rb1 b4 21. Rxb4 Ba5 22. Ba3 Bxb4 23. Bxb4 Ra8 24. Kf2 Ra2+ 25. Be2 Nb6 26.
Ke3 Bc6 27. Rb1 Ke8 28. Kf2 Kd7 29. g3 Ba4 30. Ke1 Bb3 31. h4 Nd5 32. Rc1 Kc6 33.
Bf8 g6 34. Bh6 Kb5 35. Bd2 Ka4 36. g4 Ka3 37. f4 Kb2 38. Bf3 Ra8 39. f5 gxf5 40.
gxf5 Rg8 41. fxe6 Rg1+ 42. Kf2 Rxc1 43. Bxc1+ Kxc1 44. Bxd5 1-0

[Event "*** Titled Tuesday 3|2 Blitz"]
[Site "Chess.com"]
[Date "2015.08.04"]
[Round "1"]
[White "geeeeri"]
[Black "Genghis_K"]
[Result "0-1"]
[WhiteElo "2201"]
[BlackElo "2582"]
[TimeControl "180+2"]
[EndTime "11:38:18 PDT"]
[Termination "Genghis_K won by resignation"]

1. e4 e5 2. Nf3 Nc6 3. Bc4 Bc5 4.
c3 Nf6 5. d3 O-O 6. O-O d5 7.
exd5 Nxd5 8. h3 Nb6 9. Bb3 Bf5 10. Bc2 h6 11. b4 Bd6 12. Re1 Re8 13. a4 a6 14. Na3 Nd5 15. Bd2 Qf6 16. Nc4 Rad8 17.
Nxd6 Qxd6 18. b5 axb5 19. axb5 Nb8 20. c4 Nf6 21. Bc3 Nbd7 22. d4 Bxc2 23. Qxc2 e4 24.
Ne5 Nf8 25. Qb3 Ne6 26. Rad1 Nf4 27. Bb4 Qe6 28. Qg3 Qf5 29. Bc3 Ra8 30. f3 Ra3 31.
fxe4 Nxe4 32. Rxe4 Qxe4 33. Re1 Ne2+ 34. Rxe2 Qxe2 35.
Ng4 Rxc3 36. Qxc3 Qe1+ 37. Qxe1 Rxe1+ 38. Kf2 Re4 39. Ne3 Rxd4 40. Kf3 g6 41. g4 Kg7 42. Ke2 Kf6 43. Kf3 Ke5 44. h4 Rd3 45. Ke2 Ke4 46.
Nd5 Rxd5 47. cxd5 Kxd5 0-1

[Event "*** Titled Tuesday 3|2 Blitz"]
[Site "Chess.com"]
[Date "2015.08.04"]
[Round "1"]
[White "mortalbovine"]
[Black "Viaje"]
[Result "0-1"]
[WhiteElo "1630"]
[BlackElo "2249"]
[TimeControl "180+2"]
[EndTime "11:38:25 PDT"]
[Termination "Viaje won by resignation"]

1. d4 Nf6 2. c4 c5 3. d5 b5 4. cxb5 a6 5. bxa6 g6 6. Nc3 Bg7 7. e4 O-O 8. e5 Ne8 9. f4 d6 10. Nf3 Nc7 11. Bc4 Nd7 12. O-O Bxa6 13. Bxa6 Rxa6 14. Re1 Qa8 15. e6 fxe6 16. dxe6 Nb6 17.
Be3 Nbd5 18. Nxd5 Nxd5 19. Qd2 Nxe3 20. Qxe3 Rxa2 21. Rxa2 Qxa2 22. b3 Rb8 23. Re2 Qxb3 24. Qxb3 Rxb3 25. Ra2 Bf6 26. Ra8+ Kg7 27. Kf2 c4 28. g4 Bb2 29. Re8 Rb7 30. Rc8 c3 31. g5 Ba1 32. Ne1 h6 33. gxh6+ Kxh6 34. Nc2 Rb2 35.
Rxc3 Ra2 36. Rc4 Bf6 37. Kf3 d5 38. Rc8 d4 39. Ne1 Rxh2 40. Nd3 Rh3+ 41. Ke4 Re3+ 42.
Kd5 Rxd3 43. Rg8 Rf3 44. f5 Rxf5+ 45. Kc4 Rf4 46. Kd3 Rf3+ 47. Ke4 Re3+ 48. Kd5 d3 49.
Rf8 Kg7 50. Ra8 d2 0-1

[Event "*** Titled Tuesday 3|2 Blitz"]
[Site "Chess.com"]
[Date "2015.08.04"]
[Round "1"]
[White "ProphetoftheLord"]
[Black "ajkom197"]
[Result "0-1"]
[WhiteElo "1735"]
[BlackElo "2267"]
[TimeControl "180+2"]
[EndTime "11:38:28 PDT"]
[Termination "ajkom197 won on time"]

1. e4 c6 2. d4 d5 3. Nc3 dxe4 4. f3 e5 5. Be3 exd4 6. Bxd4 c5 7. Bb5+ Bd7 8. Bf2 Nf6 9. Qe2 Be7 10. O-O-O Qa5 11. Bxd7+ Nbxd7 12. fxe4 Ne5 13. Nf3 Nxf3 14. gxf3 O-O 15.
Kb1 Rfd8 16. Nd5 Nxd5 17. exd5 Bf6 18. Qc4 Rac8 19. c3 b5 20. Qg4 c4 21. Bd4 Qa6 22. Bxf6 Qxf6 23. Ka1 Rc7 24. Rd4 Rcd7 25. Rhd1 Qe5 26.
f4 Qe3 27. a3 h6 28. f5 a5 29.
f6 g6 30. Re4 Qf2 31. Rde1 Qxf6 32. Re8+ Kg7 33. Rxd8 Rxd8 34. Rd1 h5 35. Qg2 b4 36.
Qe4 bxc3 37. Ka2 cxb2 38. Rb1 c3 39. Re1 Rc8 40. Re3 c2 0-1

[Event "*** Titled Tuesday 3|2 Blitz"]
[Site "Chess.com"]
[Date "2015.08.04"]
[Round "1"]
[White "AnthonyWirig"]
[Black "goldaxe"]
[Result "1-0"]
[WhiteElo "2524"]
[BlackElo "2162"]
[TimeControl "180+2"]
[EndTime "11:38:35 PDT"]
[Termination "AnthonyWirig won by resignation"]

1. d4 Nf6 2. Nc3 d5 3. Bf4 g6 4.
Qd2 Bg7 5. Bh6 O-O 6. O-O-O Ne4 7. Nxe4 dxe4 8. h4 Qd5 9. Kb1 Be6 10. b3 Rd8 11.
Bxg7 Kxg7 12. h5 g5 13. h6+ Kh8 14. c4 Qf5 15. e3 f6 16. f3 exf3+ 17. Bd3 fxg2 18.
Rh2 Qg4 19. Rxg2 Qh5 20. Rh2 Qf7 21. Nf3 Bg4 22. Rf1 Qe6 23. Rhf2 Na6 24. d5 Qd7 25. Nd4 Nc5 26. Bc2 a5 27. Kb2 c6 28. e4 cxd5 29.
exd5 e5 30. Rxf6 exd4 31. Qxd4 Kg8 32. Qxc5 Re8 33. Qd4 Re2 34. Rf7 Qxf7 35. Rxf7 Kxf7 36. Qxg4 1-0

[Event "*** Titled Tuesday 3|2 Blitz"]
[Site "Chess.com"]
[Date "2015.08.04"]
[Round "1"]
[White "CraiggoryC"]
[Black "pKiLz5Rn9b"]
[Result "1/2-1/2"]
[WhiteElo "2025"]
[BlackElo "2396"]
[TimeControl "180+2"]
[EndTime "11:38:39 PDT"]
[Termination "Game drawn by repetition"]

1. e4 e6 2. d4 d5 3. Nd2 Nf6 4.
e5 Nfd7 5. c3 c5 6. Bd3 Nc6 7. Ngf3 Be7 8. O-O a5 9. a4 cxd4 10.
cxd4 Nb4 11. Bb5 b6 12. Ra3 Ba6 13. Ne1 Bxb5 14. axb5 Rc8 15. Rg3 Qc7 16. Rc3 Qb7 17.
Qg4 g6 18. Ndf3 h6 19. h4 Rc4 20. h5 g5 21. Nh2 Qc7 22. Bd2 Rxc3 23. bxc3 Na2 24. f4 Nxc3 25. fxg5 Ne4 26. Rxf7 Nxg5 27. Bxg5 Kxf7 28. Bxe7 Rg8 29. Qh4 Qc3 30. Bd6 Qe3+ 31.
Kh1 Qg5 32. Qf2+ Ke8 33. Qc2 Kf7 34. Nef3 Qd8 35. Qh7+ Rg7 36. Qxh6 Qg8 37. Qf4+ Ke8 38. Qc1 Kf7 39. Qf4+ Ke8 40. Qc1 Kf7 41. Qf4+ Ke8 42. Qc1 1/2-1/2

[Event "*** Titled Tuesday 3|2 Blitz"]
[Site "Chess.com"]
[Date "2015.08.04"]
[Round "1"]
[White "hansen"]
[Black "Krutoy123"]
[Result "0-1"]
[WhiteElo "2465"]
[BlackElo "2126"]
[TimeControl "180+2"]
[EndTime "11:38:43 PDT"]
[Termination "Krutoy123 won by resignation"]

1. e4 c5 2. Nf3 e6 3. d4 cxd4 4. Nxd4 a6 5. c4 Nf6 6. Nc3 d6 7. Be2 Be7 8. O-O O-O 9. Be3 b6 10. Qd2 Bb7 11. f3 Nbd7 12. Rac1 Rc8 13. Rfd1 Qc7 14. b4 Qb8 15. a3 Qa8 16. Nb3 Ne5 17. Na4 Nfd7 18. Nxb6 Nxb6 19. Bxb6 Bc6 20. Na5 Ba4 21.
Re1 Nd7 22. Be3 Qb8 23. Bf1 Bd8 24.
Rb1 Ne5 25. Rec1 Be7 26. c5 Rfd8 27. Bxa6 Rc7 28. c6 Nxc6 29. Nxc6 Rxc6 30. Rxc6 Bxc6 31. b5 d5 32. Qc2 Ba8 33. exd5 Bxd5 34. Kh1 Bxa3 35. b6 Bd6 36. Bg1 Qa8 37. Be2 h5 38. Qc3 h4 39. Ra1 Qb8 40. Qe3 h3 41. gxh3 Bf4 42.
Qc5 Bd6 43. Qe3 Bf4 44. Qf2 Bb7 45. Ra7 Rd2 46. Qe1 Qc8 47. Ra4 Bh6 48. Rh4 Qc6 49. Bf2 Qc2 50. Rxh6 Rxe2 0-1

[Event "*** Titled Tuesday 3|2 Blitz"]
[Site "Chess.com"]
[Date "2015.08.04"]
[Round "1"]
[White "WanderingPuppet"]
[Black "Beca95"]
[Result "0-1"]
[WhiteElo "2198"]
[BlackElo "2558"]
[TimeControl "180+2"]
[EndTime "11:38:47 PDT"]
[Termination "Beca95 won by resignation"]

1. e4 d6 2. d4 Nf6 3. Nc3 e5 4. Nf3 Nbd7 5. Bc4 Be7 6. O-O Nb6 7. Bb3 exd4 8. Qxd4 O-O 9. h3 Nfd7 10. Be3 Nc5 11. Nd5 Nxd5 12. Bxd5 c6 13. Bc4 b5 14. Be2 Bb7 15.
Rfd1 Re8 16. e5 d5 17. Qg4 Ne6 18. a4 a6 19. Bh6 Bf8 20. Bd3 Kh8 21. Bc1 g6 22.
Ng5 Nxg5 23. Bxg5 Be7 24. Bf4 Qc8 25. Qf3 Qe6 26. Re1 Bf8 27. Qg3 Bg7 28. Re2 c5 29. c3 Bc6 30. axb5 axb5 31. Rae1 b4 32. cxb4 c4 33.
Bb1 d4 34. Be4 Bxe4 35. Rxe4 Red8 36. Bg5 Rd5 37. Qf4 d3 38. Qh4 Kg8 39. f4 Rc8 40.
Qf2 Bf8 41. Kh1 Bxb4 42. Rc1 d2 43. Rd1 Rd3 44. f5 Qxf5 45. Qxf5 gxf5 46. Rh4 Re8 47. Bf6 Re3 48. Kh2 Re1 49. Rxd2 Bxd2 50. Rxc4 R1xe5 51. Bxe5 Rxe5 52. Kg3 Kg7 53. Kf3 Ba5 54. g4 fxg4+ 55.
hxg4 Rb5 0-1

[Event "*** Titled Tuesday 3|2 Blitz"]
[Site "Chess.com"]
[Date "2015.08.04"]
[Round "1"]
[White "yurisolo"]
[Black "talaicito"]
[Result "1-0"]
[WhiteElo "2392"]
[BlackElo "1989"]
[TimeControl "180+2"]
[EndTime "11:39:01 PDT"]
[Termination "yurisolo won on time"]

1. e4 e6 2. d4 d5 3. Nc3 Bb4 4. e5 c5 5. a3 Bxc3+ 6. bxc3 Qc7 7. h4 cxd4 8. cxd4 Qc3+ 9. Bd2 Qxd4 10. Nf3 Qa4 11.
h5 h6 12. Bb4 Nc6 13. Bd6 Qa5+ 14. Qd2 Qxd2+ 15. Kxd2 Nge7 16. g4 Bd7 17. Rb1 b6 18.
Ba6 Bc8 19. Bd3 Na5 20. Nd4 Bd7 21. Nb5 Bxb5 22. Bxb5+ Nec6 23. Rh3 Kd7 24. Rf3 f6 25. Bb4 Kc7 26. exf6 gxf6 27. Rxf6 Nxb4 28. axb4 Nc4+ 29. Bxc4 dxc4 30. Re1 a5 31. Rexe6 axb4 32. Rc6+ Kd7 33. Rxb6 c3+ 34. Kd3 Ke7 35. Rfe6+ Kf7 36. Rxh6 Rhd8+ 37. Rhd6 Rg8 38. Rb7+ Ke8 39. Rxb4 Rg5 40. Rg6 Rd8+ 41.
Ke4 Rxg6 42. hxg6 Ke7 43. g5 Rd2 44. Rb8 Rxc2 45. g7 Re2+ 46. Kf3 c2 47. Rc8 1-0

[Event "*** Titled Tuesday 3|2 Blitz"]
[Site "Chess.com"]
[Date "2015.08.04"]
[Round "1"]
[White "Just-Live-Simply"]
[Black "TooOldTooSlow70"]
[Result "1-0"]
[WhiteElo "2048"]
[BlackElo "2273"]
[TimeControl "180+2"]
[EndTime "11:39:05 PDT"]
[Termination "Just-Live-Simply won on time"]

1. Nf3 Nf6 2. g3 g6 3. b3 Bg7 4. Bb2 b6 5. Bg2 Bb7 6. O-O O-O 7. c4 c5 8. d4 Ne4 9. Nbd2 Nxd2 10. Qxd2 cxd4 11.
Bxd4 Nc6 12. Bxg7 Kxg7 13. Rfd1 d6 14. Nd4 Qc8 15. Qb2 Nxd4 16. Qxd4+ Kg8 17. h4 Bxg2 18. Kxg2 Qc5 19. Qe4 Rfe8 20. Rdc1 Rac8 21. Rd1 Qc6 22. Qxc6 Rxc6 23. Kf3 Rb8 24. Rac1 a6 25. Ke3 Kg7 26.
Kd4 Kf6 27. e4 Ke6 28. Kd3 Rc5 29. Kd4 Rbc8 30. Rc3 b5 31. Rdc1 b4 32. Rf3 a5 33.
Rc2 a4 34. bxa4 Ra8 35. a3 Rxa4 36. axb4 Rxb4 37. Ra3 Kf6 38. Rf3+ Ke6 39. Ra3 Rb7 40.
Re3 Rbc7 41. Ra3 Kf6 42. Rb3 Ke6 43. Rf3 h5 44. Rb3 Ra5 45. f3 1-0

[Event "*** Titled Tuesday 3|2 Blitz"]
[Site "Chess.com"]
[Date "2015.08.04"]
[Round "1"]
[White "HZMC92"]
[Black "Fawolizzo"]
[Result "0-1"]
[WhiteElo "2275"]
[BlackElo "1889"]
[TimeControl "180+2"]
[EndTime "11:39:06 PDT"]
[Termination "Fawolizzo won by checkmate"]

1. d4 Nf6 2. c4 e6 3. Nf3 b6 4. a3 Bb7 5. Nc3 Be7 6. Bg5 d6 7. e3 Nbd7 8. Bd3 c5 9. O-O O-O 10. Qe2 Re8 11. e4 cxd4 12. Nxd4 a6 13. Rad1 Ne5 14. Bb1 Rc8 15. b3 Qc7 16. f4 Nc6 17.
Nf3 Na5 18. e5 dxe5 19. fxe5 Nd7 20. Bxe7 Rxe7 21. Ng5 h6 22. Qd3 Nf8 23. Nge4 Qxe5 24.
Nd6 Rd8 25. b4 Red7 26. bxa5 Rxd6 27. Qc2 Rxd1 28. Rxd1 Rxd1+ 29. Qxd1 Qxc3 30. axb6 Qe3+ 31. Kh1 Qxb6 32. Bd3 Qf2 33. Bf1 Bc6 34. h3 Qg3 35. Kg1 Qe3+ 36. Kh1 Qxa3 37. Kh2 Qc5 38. Qd8 Qe5+ 39.
Kg1 Qe3+ 40. Kh2 Qf4+ 41. Kg1 Qf6 42. Qb6 Be4 43. Qxa6 Qd4+ 44. Kh2 Qf2 45. c5 Ng6 46. c6 Bxc6 47. Qc8+ Kh7 48. Qxc6 Qxf1 49. Qd7 h5 50. Qd2 h4 51. Qg5 Qf4+ 52. Qxf4 Nxf4 53. Kg1 g5 54. Kf2 f5 55. Kf3 Nh5 56. Ke3 e5 57. Kf3 Kg6 58. Ke3 Kf6 59. Kf3 Ke6 60. Ke3 Kd5 61. Kd3 Ng3 62. Ke3 e4 63. Kf2 f4 64. Ke1 Kd4 65. Kf2 Ke5 66. Kg1 Kf5 67. Kf2 g4 68. Ke1 gxh3 69.
gxh3 f3 70. Kf2 Kf4 71. Kg1 Nf5 72. Kf2 e3+ 73. Kg1 e2 74. Kf2 Ne3 75. Ke1 Nc2+ 76. Kd2 Nb4 77. Ke1 Ke4 78. Kf2 Nd3+ 79. Kg1 e1=Q+ 80.
Kh2 Qf2+ 81. Kh1 Qg2# 0-1

[Event "*** Titled Tuesday 3|2 Blitz"]
[Site "Chess.com"]
[Date "2015.08.04"]
[Round "1"]
[White "jefferyx"]
[Black "hermionegrangermagic"]
[Result "1-0"]
[WhiteElo "2406"]
[BlackElo "2016"]
[TimeControl "180+2"]
[EndTime "11:39:15 PDT"]
[Termination "jefferyx won by resignation"]

1. b4 Nf6 2. Bb2 e6 3. a3 d5 4. e3 c5 5. g4 h6 6. b5 a6 7. h4 axb5 8. Bxb5+ Bd7 9. Bd3 Nc6 10.
Nf3 Bd6 11. Rg1 e5 12. g5 hxg5 13.
hxg5 Ng4 14. Nc3 e4 15. Nxd5 exd3 16. Bxg7 Rg8 17. Bb2 Rxg5 18. Nxg5 Qxg5 19. Nf6+ Kd8 20. Nxd7 Kxd7 21. Qxg4+ Qxg4 22. Rxg4 dxc2 23. Rc1 Be5 24. Rxc2 Bxb2 25. Rxb2 Ne5 26. Rxb7+ Kc6 27. Re4 Nd3+ 28.
Ke2 Kxb7 29. Kxd3 Rxa3+ 30. Ke2 Kc6 31. Rf4 Ra7 32. Rf5 Rd7 33. d3 Re7 34. Kd2 Ra7 35.
Kc3 Ra3+ 36. Kc4 Ra4+ 37. Kb3 Ra7 38. e4 Rd7 39. Kc4 Rd4+ 40. Kc3 Rd7 41. Rf6+ Kb5 42. f4 Rc7 43. f5 Rd7 44. e5 Re7 45. d4 cxd4+ 46.
Kxd4 Rd7+ 47. Rd6 Rc7 48. Ke4 Rc4+ 49. Rd4 Rc1 50. Rd7 Rc4+ 51. Kd5 Rc5+ 52. Kd6 f6 53. exf6 Rxf5 54. Ke6 Rf1 55. Rc7 Kb6 56. Rc2 Re1+ 57. Kf7 Rf1 58. Kg7 Rg1+ 59. Kf8 Rf1 60. f7 Rf3 61.
Rg2 1-0

[Event "*** Titled Tuesday 3|2 Blitz"]
[Site "Chess.com"]
[Date "2015.08.04"]
[Round "1"]
[White "Zlatan56"]
[Black "NMJeevanK"]
[Result "1-0"]
[WhiteElo "2371"]
[BlackElo "1974"]
[TimeControl "180+2"]
[EndTime "11:39:15 PDT"]
[Termination "Zlatan56 won by checkmate"]

1. c4 e5 2. Nc3 Bb4 3. Nd5 Be7 4. d4 c6 5. Nxe7 Qxe7 6. dxe5 Qxe5 7. Nf3 Qe7 8. Bf4 Qb4+ 9. Qd2 Qxd2+ 10. Nxd2 Nf6 11.
g4 Nxg4 12. Rg1 d5 13. Rc1 dxc4 14. Nxc4 O-O 15. Nd6 Be6 16. Nxb7 Nd7 17. Bg2 Bxa2 18. Bxc6 Nge5 19. Bxd7 Nxd7 20. Bh6 g6 21. Bxf8 Rxf8 22. Ra1 Bd5 23. Rxa7 Rb8 24. Na5 Ne5 25. Rg5 f6 26. Rg3 Rxb2 27. Rc3 Nf7 28. Nc6 Rb1+ 29. Kd2 Rb2+ 30.
Kd1 Kg7 31. Nd8 Rb1+ 32. Kd2 Rb2+ 33. Ke3 Rb8 34. Nxf7 Bxf7 35. Rcc7 Rf8 36. Kf4 f5 37. h4 Kf6 38. Rc6+ Be6 39. Raa6 Re8 40. f3 h6 41. e4 fxe4 42. Kxe4 Kf7 43. Rc7+ Kf6 44. Rh7 h5 45. Rc7 Re7 46. Rxe7 Kxe7 47. Ke5 Bf5 48.
Ra7+ Kf8 49. Kf6 Kg8 50. Rg7+ Kh8 51. Rxg6 Bxg6 52. Kxg6 Kg8 53. Kxh5 Kh7 54. f4 Kg7 55. Kg5 Kh7 56. h5 Kg7 57. f5 Kh7 58. f6 Kg8 59. Kg6 Kh8 60. h6 Kg8 61. f7+ Kh8 62.
f8=Q# 1-0

[Event "*** Titled Tuesday 3|2 Blitz"]
[Site "Chess.com"]
[Date "2015.08.04"]
[Round "1"]
[White "MFBerna"]
[Black "ChessWarrior7197"]
[Result "0-1"]
[WhiteElo "2060"]
[BlackElo "2452"]
[TimeControl "180+2"]
[EndTime "11:39:16 PDT"]
[Termination "ChessWarrior7197 won by checkmate"]

1. e4 e5 2. Nf3 Nc6 3. Bb5 a6 4. Ba4 Nf6 5. O-O Be7 6. Re1 b5 7. Bb3 d6 8. c3 O-O 9. h3 Na5 10. Bc2 c5 11. d4 Qc7 12. Nbd2 cxd4 13. cxd4 Nc6 14. Nb3 Nb4 15. Bb1 a5 16. a3 Na6 17.
Be3 Bb7 18. d5 a4 19. Nbd2 Nc5 20. Bc2 Rfc8 21. Rc1 Qa5 22. Bg5 h6 23. Bh4 Bd8 24. Re3 Nfd7 25. Bxd8 Qxd8 26. Rc3 Rc7 27. Qe2 Ba6 28. Qe3 Rac8 29. Bb1 Nb6 30. Nxe5 dxe5 31. Rxc5 Nc4 32. Rxc7 Nxe3 33. Rxc8 Bxc8 34. fxe3 Bd7 35.
Bd3 Qb6 36. Kf2 f6 37. Be2 Kf8 38. Bg4 Ke7 39. Bxd7 Kxd7 40. Rc6 Qa5 41. Nf3 b4 42.
axb4 Qxb4 43. Rc2 Qxe4 44. Rd2 Kd6 45. Ke2 Qc4+ 46. Kf2 Qb4 47. Ke2 e4 48. Nd4 Qc4+ 49. Ke1 Kxd5 50. Nf5+ Ke5 51. Nxg7 Qf7 52. Rd4 Qxg7 53.
Kf2 Qb7 54. Rxa4 Qxb2+ 55. Kg3 Qb3 56. Ra5+ Ke6 57. Kf4 Qc2 58. Ra6+ Kf7 59. Ra7+ Kg6 60. g4 Qg2 61. Re7 Qf3# 0-1

[Event "*** Titled Tuesday 3|2 Blitz"]
[Site "Chess.com"]
[Date "2015.08.04"]
[Round "1"]
[White "Caminator2000"]
[Black "viditchess"]
[Result "0-1"]
[WhiteElo "2029"]
[BlackElo "2412"]
[TimeControl "180+2"]
[EndTime "11:39:20 PDT"]
[Termination "viditchess won on time"]

1. d4 Nf6 2. c4 g6 3. g3 c5 4. d5 Bg7 5. Bg2 O-O 6. Nc3 d6 7. Nf3 e6 8. O-O exd5 9. cxd5 Re8 10. Nd2 b6 11. Re1 Ba6 12. Qa4 Qd7 13. Qh4 Qe7 14.
e4 Nbd7 15. f4 Rad8 16. a4 c4 17. Nb5 Bxb5 18. axb5 Nc5 19. e5 Nd3 20. Re2 dxe5 21. fxe5 Nxe5 22. Nxc4 Qc5+ 23. Ne3 Nd3 24. Bd2 h5 25.
Kh1 Nxb2 26. Rf1 Qe7 27. Ref2 Nh7 28. Rxf7 Qxh4 29. gxh4 Nd3 30. Rxa7 Bh6 31. Rff7 Nf8 32. Nf1 Bxd2 33. Nxd2 Re1+ 34. Nf1 Ne5 35. Kg1 Nxf7 36. Kf2 Re5 37. Ne3 Nd6 38. Ra6 Rde8 39. Nf1 Nxb5 40.
Rxb6 Rf5+ 41. Kg1 Nd4 42. Rb4 Ne2+ 43. Kh1 Rf4 44. Rb2 Rxh4 45. d6 Rd4 46. Bf3 Nf4 47. Rb6 Rd8 48. d7 R4xd7 0-1

[Event "*** Titled Tuesday 3|2 Blitz"]
[Site "Chess.com"]
[Date "2015.08.04"]
[Round "1"]
[White "bugsbunny444"]
[Black "proxy6"]
[Result "1-0"]
[WhiteElo "2308"]
[BlackElo "1905"]
[TimeControl "180+2"]
[EndTime "11:39:21 PDT"]
[Termination "bugsbunny444 won by resignation"]

1. Nf3 Nf6 2. c4 e6 3. g3 d5 4. Bg2 Be7 5. O-O O-O 6. b3 a5 7.
Nc3 d4 8. Nb5 Nc6 9. d3 e5 10.
e3 Bc5 11. Re1 Bg4 12. exd4 exd4 13. Bf4 Rc8 14. a3 Nh5 15. Bd2 Bf5 16. Ne5 Nf6 17.
Nxc6 bxc6 18. Bxc6 Bxd3 19. Bxa5 Bf5 20. b4 Bb6 21.
Bxb6 cxb6 22. Nxd4 Bg4 23. f3 Bh3 24. b5 Qd6 25.
Nb3 Rfd8 26. Qxd6 Rxd6 27. Rad1 Rcd8 28. Rxd6 Rxd6 29. Kf2 h5 30. c5 bxc5 31. Nxc5 Bf5 32. Ne4 Nxe4+ 33. Bxe4 Bd7 34. a4 Rd4 35. Ra1 Rb4 36.
h4 Kf8 37. Ke3 Ke7 38. Kd2 Kd6 39. Kc3 Kc5 40. Ra3 g6 41. Ra1 Rc4+ 42. Kd3 f5 43.
Bb7 Rxa4 44. Rxa4 Bxb5+ 45. Ke3 Bxa4 46. Kf4 Be8 47. Ke5 Kb6 48. Bd5 Kc7 49. Kf6 Kd6 50. Bf7 Bc6 51. f4 Bf3 52. Bxg6 Bg4 53. Bxf5 Bxf5 54.
Kxf5 Ke7 55. Kg5 Kf7 56. Kxh5 Kg7 57. Kg5 Kh7 58. Kf6 Kh8 59. Ke7 Kg7 60. f5 Kg8 61. f6 Kh7 62. f7 Kh8 63. f8=Q+ Kh7 64. Qf5+ 1-0

[Event "*** Titled Tuesday 3|2 Blitz"]
[Site "Chess.com"]
[Date "2015.08.04"]
[Round "1"]
[White "aNONoNonono"]
[Black "Cryptochess"]
[Result "0-1"]
[WhiteElo "1997"]
[BlackElo "2362"]
[TimeControl "180+2"]
[EndTime "11:39:23 PDT"]
[Termination "Cryptochess won by resignation"]

1. e4 d6 2. d4 Nf6 3. Nc3 g6 4. f4 Bg7 5. Nf3 c5 6. Bb5+ Bd7 7. Bxd7+ Nfxd7 8. O-O cxd4 9. Nxd4 Nc6 10. Be3 O-O 11. Kh1 Rc8 12. Qd2 Nb6 13. b3 Qc7 14. Rf3 a6 15.
Nxc6 Qxc6 16. Bd4 e5 17. fxe5 dxe5 18. Bxb6 Qxb6 19. Nd5 Qe6 20. c4 f5 21. Raf1 fxe4 22.
Rxf8+ Rxf8 23. Rxf8+ Bxf8 24. Qe2 Qf5 25. h3 Kg7 26.
Nc3 e3 27. Qxe3 Bb4 28. Nd5 Qf1+ 29. Kh2 Bd6 30. Qe4 b5 31. c5 Bxc5 32. Qxe5+ Kh6 33. Ne3 Bxe3 34. Qxe3+ Kg7 35. Qe7+ Kh6 36. Qe3+ Kg7 37. Qe7+ Qf7 38. Qe5+ Qf6 39. Qc7+ Kh6 40. Qc1+ g5 41.
h4 Qf4+ 42. Qxf4 gxf4 43. g4 fxg3+ 44. Kxg3 Kg6 45. Kg4 b4 46. h5+ Kf6 47. Kf4 h6 48. Kg4 Ke5 49. Kf3 Kf5 50. Kg3 Kg5 51. Kh3 Kxh5 52. Kg3 Kg5 53. Kf3 Kf5 54. Kg3 Ke4 55. Kg4 Kd3 0-1

[Event "*** Titled Tuesday 3|2 Blitz"]
[Site "Chess.com"]
[Date "2015.08.04"]
[Round "1"]
[White "Dlugy"]
[Black "kesarev"]
[Result "1-0"]
[WhiteElo "2543"]
[BlackElo "2182"]
[TimeControl "180+2"]
[EndTime "11:39:24 PDT"]
[Termination "Dlugy won by resignation"]

1. d4 g6 2. c4 Bg7 3. e4 c5 4. d5 d6 5. Bd3 Nf6 6. Nc3 O-O 7. h3 e6 8. Nf3 exd5 9. exd5 Re8+ 10. Be3 Bh6 11.
O-O Bxe3 12. fxe3 Nbd7 13. Qd2 Ne5 14. Nxe5 Rxe5 15. Rf3 Nh5 16. Raf1 f5 17. e4 Ng7 18. Qh6 Qe7 19. exf5 Bxf5 20. g4 Bxd3 21. Rxd3 Rf8 22. Rxf8+ Qxf8 23. Kg2 Qe7 24. Rf3 a6 25. Kf2 b5 26.
Re3 b4 27. Ne2 Qf6+ 28. Qf4 Nf5 29. Rxe5 dxe5 30. Qf3 Qh4+ 31. Kg2 Nd6 32. b3 Kg7 33. Qe3 Qf6 34. Qxc5 Ne4 35. Qe3 Ng5 36. c5 e4 37.
c6 Qf3+ 38. Qxf3 exf3+ 39. Kf1 fxe2+ 40. Kxe2 Nf7 41. Kd3 Kf6 42. Kd4 Nd6 43. Kc5 Ke5 44. c7 a5 45. g5 Nc8 46. Kc6 Nd6 47. h4 Nc8 48. Kd7 Nd6 49. c8=Q Nxc8 50. Kxc8 Kxd5 51.
Kd7 Ke5 52. Ke7 Kd5 53. Kf7 Kd6 54. Kg7 Ke6 55. Kxh7 Kf7 56. Kh6 1-0

[Event "*** Titled Tuesday 3|2 Blitz"]
[Site "Chess.com"]
[Date "2015.08.04"]
[Round "1"]
[White "petrpalachev"]
[Black "michaelk123"]
[Result "1/2-1/2"]
[WhiteElo "2347"]
[BlackElo "1989"]
[TimeControl "180+2"]
[EndTime "11:39:24 PDT"]
[Termination "Game drawn by agreement"]

1. d4 Nf6 2. c4 g6 3. Nc3 d5 4. Qb3 dxc4 5. Qxc4 Bg7 6. e4 Be6 7.
Qb5+ Bd7 8. Qb3 c5 9. dxc5 O-O 10. Be2 Nc6 11. Be3 Ng4 12. Bxg4 Bxg4 13. f3 Be6 14.
Qa4 Rc8 15. Nge2 Qa5 16. Qxa5 Nxa5 17. b4 Nc4 18. Bf2 Rfd8 19. O-O Rd2 20. Rfd1 Rcd8 21. Rxd2 Rxd2 22. Rd1 Rxd1+ 23. Nxd1 Na3 24. Ndc3 Bc4 25. c6 bxc6 26. Bxa7 Nb5 27. Nxb5 cxb5 28. Nd4 Bxd4+ 29. Bxd4 Bxa2 30. Kf2 Bc4 31. Bc5 e6 32. e5 g5 33.
Be7 h6 34. Ke3 Kh7 35. h4 Kg6 36. g3 gxh4 37. Bxh4 Bf1 38. Ke4 Bc4 39. g4 h5 40.
gxh5+ Kxh5 41. Bf6 Kg6 42. Kf4 Bf1 43. Kg4 Bc4 44.
f4 Be2+ 45. Kg3 Kf5 46. Kf2 Bc4 47. Ke3 Bf1 48. Bg5 Bc4 49. Kd4 Bf1 50. Kc5 Bc4 51. Kd6 Kg6 52. Ke7 Bf1 53. Ke8 Bc4 54. Kf8 Bf1 55.
Kg8 Bc4 56. Kh8 Bd3 57. Kg8 Bc4 58. Kf8 Bd3 59. Ke7 Bc4 60. Kd6 Bd3 61. Kc5 Bc4 62. Kd4 1/2-1/2

[Event "*** Titled Tuesday 3|2 Blitz"]
[Site "Chess.com"]
[Date "2015.08.04"]
[Round "1"]
[White "josiwales"]
[Black "facu57"]
[Result "1/2-1/2"]
[WhiteElo "2038"]
[BlackElo "2396"]
[TimeControl "180+2"]
[EndTime "11:39:28 PDT"]
[Termination "Game drawn by agreement"]

1. e4 c6 2. d4 d5 3. Nc3 dxe4 4.
Nxe4 Nf6 5. Ng3 e5 6. Nf3 exd4 7. Qxd4 Qxd4 8. Nxd4 Bc5 9. Ndf5 O-O 10. Be3 Re8 11.
O-O-O Bxe3+ 12. Nxe3 Be6 13. Nef5 b5 14. Nd6 Rd8 15.
Be2 Bd5 16. Ndf5 Kf8 17. Bf3 Na6 18. Bxd5 Nxd5 19. Ne4 Nf4 20. g3 Ne6 21. f4 Nac5 22. Nxc5 Nxc5 23. Rhe1 Ne6 24. Nd6 Ke7 25. Nf5+ Kf6 26.
Nd6 g6 27. g4 Nxf4 28. Rf1 g5 29. h4 h6 30. hxg5+ hxg5 31. Ne4+ Kg6 32. Nd6 Rd7 33. Nf5 Rxd1+ 34. Rxd1 Nd5 35. b3 Re8 36. c4 Nf6 37. Rd6 bxc4 38. bxc4 Re6 39. Rxe6 fxe6 40. Ne7+ Kf7 41. Nxc6 Nxg4 42. Nxa7 Ne5 43. c5 Nd3+ 44. Kd2 Nxc5 45. Ke3 Na4 46. Nc6 Kf6 47. a3 e5 48. Kf3 Kf5 49. Ne7+ Ke6 50. Nc6 Kf6 51. Ke4 Nc3+ 52. Kf3 Kf5 53. Ne7+ Ke6 54. Nc6 Kd5 55. Ne7+ Kc4 56. Kg4 e4 57. Nf5 Nb5 58. Kxg5 Nxa3 59. Kf4 Kd3 60. Kg3 Nc2 61. Kf2 Na1 62.
Ke1 Nb3 63. Kd1 Nd2 64. Ke1 Nf3+ 65. Kd1 Ne5 66. Ke1 Ng4 67. Ng3 e3 68. Nf1 e2 69.
Ng3 Ne5 70. Nxe2 Nf3+ 71. Kd1 Nd2 1/2-1/2

[Event "*** Titled Tuesday 3|2 Blitz"]
[Site "Chess.com"]
[Date "2015.08.04"]
[Round "1"]
[White "Fh2411"]
[Black "tigertom4444"]
[Result "1-0"]
[WhiteElo "2110"]
[BlackElo "2436"]
[TimeControl "180+2"]
[EndTime "11:39:30 PDT"]
[Termination "Fh2411 won by resignation"]

1. d4 Nf6 2. Bf4 g6 3. e3 Bg7 4. Nf3 O-O 5. Be2 d6 6. h3 Nc6 7. O-O Re8 8. c4 Nh5 9. Bh2 e5 10. Nc3 exd4 11. exd4 Nf6 12. Bd3 Nd7 13. Bc2 Nb6 14.
b3 Qf6 15. Ne4 Qd8 16. Nc3 Bd7 17. Qd2 Qf6 18. Ne4 Qe7 19. Rae1 Qf8 20. Bf4 Bf5 21.
g4 Bxe4 22. Bxe4 Nd7 23. Bb1 Re7 24. Rxe7 Qxe7 25. Re1 Qf6 26. g5 Qe6 27. Rxe6 fxe6 28. d5 Nd8 29. dxe6 Nxe6 30. Bg3 Kh8 31. Be4 Ndc5 32.
Bd5 Nf8 33. b4 Nce6 34. Bxb7 Rb8 35. Bd5 Re8 36. a4 Nd7 37. Bxe6 Rxe6 38. Qd5 Re7 39.
a5 h6 40. Qa8+ Kh7 41. Qxa7 hxg5 42. Nxg5+ Kh6 43. Nf3 Nf6 44. Bf4+ Kh5 45. Qb8 Ne4 46. a6 Rf7 47. a7 Rxf4 48. Kg2 g5 49. Qe8+ Kh6 50.
a8=Q g4 51. Qaxe4 gxf3+ 52. Qxf3 Rxf3 53. Kxf3 1-0